 Dungeon Crawl Stone Soup version 0.28-a0-1235-g7c8fac35f0 (webtiles) character file.

Game seed: 6571737914950566351

137 ChaosChampion the Skirmisher (level 5, -5/54 HPs)
             Began as an Ogre Warper on Dec 25, 2021.
             Slain by a black bear (6 damage)
             ... on level 3 of the Dungeon.
             The game lasted 00:04:35 (4544 turns).

ChaosChampion the Skirmisher (Ogre Warper)          Turns: 4544, Time: 00:04:36

Health: -5/54      AC:  4    Str: 17    XL:     5   Next: 20%
Magic:  8/10       EV:  9    Int: 14    God:
Gold:   110        SH:  0    Dex:  8    Spells: 9/11 levels left

rFire   . . .      SeeInvis .   l - +0 mace (protect)
rCold   . . .      Faith    .   (no shield)
rNeg    . . .      Spirit   .   b - +0 robe
rPois   .          Reflect  .   i - +1 hat
rElec   .          Harm     .   (no cloak)
rCorr   .          Rampage  .   (gloves unavailable)
Will    .....                   (boots unavailable)
Stlth   +.........              (no amulet)
HPRegen 0.18/turn               (no ring)
MPRegen 0.12/turn               (no ring)

@: very slightly contaminated
A: large, unfitting armour, tough skin 1
a: no special abilities


You were on level 3 of the Dungeon.
You visited 1 branch of the dungeon, and saw 3 of its levels.

You collected 110 gold pieces.

Inventory:

Hand Weapons
 l - a +0 mace of protection (weapon)
Missiles
 d - 5 boomerangs of dispersal (quivered)
Armour
 b - a +0 robe (worn)
 i - a +1 hat (worn)
Jewellery
 k - a ring of flight
Scrolls
 a - a scroll of fear {unknown}
 c - a scroll of blinking
 e - 2 scrolls of amnesia {unknown}
 g - a scroll of teleportation {unknown}
 n - a scroll of identify {unknown}
Potions
 f - 3 potions of curing {unknown}
 h - a potion of might {unknown}
 j - a potion of flight {unknown}
 m - a potion of ambrosia {unknown}


   Skills:
 + Level 4.1 Fighting
 + Level 2.8 Maces & Flails
 - Level 1.0 Throwing
 - Level 2.1 Dodging
 + Level 3.5 Spellcasting
 + Level 3.4 Translocations


You had 9 spell levels left.
You knew the following spells:

 Your Spells              Type           Power      Damage    Failure   Level
z - Blink                 Tloc           24%        N/A       8%          2

Your spell library contained the following spells:

 Spells                   Type           Power      Damage    Failure   Level
 Apportation              Tloc           24%        N/A       4%          1
 Gell's Gravitas          Tloc           12%        N/A       14%         3
 Lesser Beckoning         Tloc           12%        N/A       14%         3
 Teleport Other           Tloc           12%        N/A       14%         3
 Animate Skeleton         Necr           4%         N/A       21%         1
 Slow                     Hex            8%         N/A       21%         1
 Summon Small Mammal      Summ           8%         N/A       21%         1
 Confusing Touch          Hex            2%         N/A       52%         3
 Ozocubu's Armour         Ice            2%         N/A       52%         3
 Vampiric Draining        Necr           2%         2d6       52%         3
 Manifold Assault         Tloc           12%        N/A       80%         5
 Fulminant Prism          Conj/Hex       1%         3d6       90%         4
 Metabolic Englaciation   Hex/Ice        1%         N/A       99%         5
 Simulacrum               Ice/Necr       1%         N/A       100%        6
 Lehudib's Crystal Spear  Conj/Erth      1%         10d2      100%        8


Dungeon Overview and Level Annotations

Branches:
Dungeon (3/15)

Altars:


Innate Abilities, Weirdness & Mutations

You are too large for most types of armour.
You have tough skin. (AC +1)


Message History

The black bear is almost dead.
The black bear completely misses you. The black bear barely misses you. x2
The frilled lizard bites you but does no damage.
The black bear bites you but does no damage.
The black bear claws you.
The black bear claws you but does no damage.
You barely miss the black bear.
The black bear is almost dead.
The frilled lizard barely misses you. The black bear bites you!
The black bear claws you.
* * * LOW HITPOINT WARNING * * *
The black bear claws you.
* * * LOW HITPOINT WARNING * * *
The frilled lizard barely misses you. The black bear barely misses you. x2
The black bear claws you.
* * * LOW HITPOINT WARNING * * *
You are too injured to fight recklessly!
You are too injured to fight recklessly!
You hit the black bear.
Your weapon exudes an aura of protection.
The black bear is almost dead.
The black bear closely misses you. The black bear barely misses you.
The black bear claws you but does no damage.
The frilled lizard bites you.
* * * LOW HITPOINT WARNING * * *
Okay, then.
Casting: Blink (safe; 8% risk of failure)
Confirm with . or Enter, or press ? or * to list all spells.
You miscast Blink.
You are very lightly contaminated with residual magic.
Nothing appears to happen.
The black bear barely misses you.
The black bear claws you but does no damage. x2
The black bear closely misses you. The black bear claws you.
* * * LOW HITPOINT WARNING * * *
The black bear claws you but does no damage.
The frilled lizard bites you.
* * * LOW HITPOINT WARNING * * *
The black bear rages.
The black bear bites you.
You die...

.....#.............).............
.....#........##........#........
.#####........##........#........
.##...........##.....#..#....####
.##.#.........###......>####.....
..............# #...)...# #.....
.###.###.#.#### #.......####.....
.#.....#.#...####..........'.....
##.#.#.###...#.h@..#'......#.....
....(..†....##l###.###'##..#.....
##.#.#.###).#⌠.⌠##.##⌠.⌠#..#.....
...#.#...#..##...###...##..+.....
.###.###.#.####.......######.....
...........# #..>..# ......
#.....##### #⌠.⌠# ###### #.....
##### ######


You could see a black bear (berserk) and a frilled lizard.

Vanquished Creatures
  A hound (D:2)
  4 gnolls
  A worm (D:3)
  3 orcs (D:3)
  5 endoplasms
  4 giant cockroaches
  9 goblins
  5 hobgoblins (D:2)
  8 kobolds
  3 quokkas
  5 ball pythons
  4 bats (D:2)
  6 frilled lizards
  3 rats
61 creatures vanquished.

Notes
Turn   | Place    | Note
-------+----------+-------------------------------------------
     0 | D:1      | ChaosChampion the Ogre Warper began the quest for the Orb.
     0 | D:1      | Reached XP level 1. HP: 22/22 MP: 3/3
   285 | D:1      | Reached XP level 2. HP: 24/29 MP: 5/5
   286 | D:1      | Reached skill level 3 in Fighting
   792 | D:1      | Reached XP level 3. HP: 37/37 MP: 7/7
  1266 | D:2      | Reached XP level 4. HP: 34/45 MP: 8/8
  1404 | D:2      | Got the Collected Works on Cold and Attacks
  1411 | D:2      | Learned a level 2 spell: Blink
  3586 | D:2      | Reached skill level 4 in Fighting
  3972 | D:2      | Reached XP level 5. HP: 54/54 MP: 10/10
  4526 | D:3      | Noticed a black bear
  4542 | D:3      | HP: 1/54 [frilled lizard (2)]
  4544 | D:3      | Slain by a black bear

Illustrated notes

Levels and vault maps discovered:
D:1:      minmay_arrival_open_corners, layout_loops_ring,
          hangedman_decor_peaks_small, minmay_misc_feat_alley
D:2:      layout_basic
D:3:      layout_basic, mainiacjoe_overflow_chevrons, grunt_ministairs_8,
          minmay_misc_feat_roman, corexii_shack

Skill      XL: |  1  2  3  4 |
---------------+-------------+-----
Maces & Flails | 2 |  2.8
Fighting       | 3 4 |  4.1
Translocations | 3 |  3.4
Spellcasting   | 3 |  3.5
Throwing       | |  1.0
Dodging        | |  2.1

Action                   |  1- 3 |  4- 6 || total
-------------------------+-------+-------++-------
Melee: Mace              |    78 |   139 ||   217
 Stab: Sleeping          |       |     1 ||     1
Armor: Robe              |    31 |    82 ||   113
Dodge: Dodged            |    43 |   106 ||   149

Table legend: (Time is in decaauts)
 A = Elapsed time spent in this place.
 B = Non-inter-level travel time spent in this place.
 C = Inter-level travel time spent in this place.
 D = Time resting spent in this place.
 E = Time spent auto-exploring this place.
 F = Levels seen in this place.
 G = Mean time per level.
                   A        B        C        D        E       F      G
               +--------+--------+--------+--------+--------+-----+--------+
         Total |   4608 |   4563 |     45 |   1474 |   2103 |   3 | 1536.0 |
       Dungeon |   4608 |   4563 |     45 |   1474 |   2103 |   3 | 1536.0 |
               +--------+--------+--------+--------+--------+-----+--------+

Top non-repeatable levels by time:
     D:1: 3182 daAuts
     D:2: 1159 daAuts
     D:3: 266 daAuts
